 Dungeon Sprint DCSS version 0.32-a0-918-g0f22ef8d61 (webtiles) character file.

Game seed: 17463807668629629468

134 Griffin23 the Carver (level 4, -1/45 HPs)
             Began as a Minotaur Berserker on Apr 12, 2024.
             Was a Believer of Trog.
             Slain by a deep elf pyromancer
             ... wielding a +0 long sword of holy wrath
              (3 damage)
             ... in the Dungeon (Sprint III: "The Ten Rune Challenge").
             The game lasted 00:01:16 (361 turns).

Griffin23 the Carver (Minotaur Berserker)            Turns: 361, Time: 00:01:17

Health: -1/45      AC: 10    Str: 22    XL:     4   Next: 95%
Magic:  3/3        EV:  8    Int:  4    God:    Trog [**....]
Gold:   26         SH:  0    Dex: 11    Spells: 3/3 levels left

rFire   . . .        a - +0 falchion
rCold   . . .        (no shield)
rNeg    . . .        i - +0 chain mail
rPois   .            (helmet restricted)
rElec   .            (no cloak)
rCorr   .            (no gloves)
SInv    .            (no boots)
Will    .....        (no amulet) Stlth
                     (no ring)
HPRegen 0.27/turn    (no ring)
MPRegen 0.08/turn

%: no teleportation
@: on berserk cooldown
A: horns 2, retaliatory headbutt
a: Renounce Religion, Berserk, Trog's Hand


You were in the Dungeon.
You worshipped Trog.
Trog was pleased with you.
You visited 1 branch You collected 26 gold pieces.

Inventory:

Hand Weapons
 a - a +0 falchion (weapon)
Armour
 b - a +0 animal skin
 i - a +0 chain mail (worn)
Scrolls
 h - a scroll of blinking
 k - 2 scrolls of torment
 l - 2 scrolls of identify
Potions
 c - a potion of curing
 e - 2 potions of haste
 f - 2 potions of magic
 g - a potion of berserk rage
 j - 4 potions of mutation
 m - 3 potions of enlightenment


   Skills:
 + Level 6.9 Fighting
 * Level 9.1 Long Blades
 + Level 6.3 Armour
 - Level 2.1 Dodging


You had 3 spell levels left.
You didn't know any spells.
Your spell library was empty.

Dungeon Overview and Level Annotations

Branches:
Dungeon (1/1)

Altars:
Elyvilon
Zin
The Shining One


Innate Abilities, Weirdness & Mutations

You have a pair of horns on your head.
You reflexively headbutt those who attack you in melee.


Message History

You start waiting.
You feel yourself speed up.
There is an open door to the Ecumenical Temple here.
You open the door.
Found three altars.
You're still recovering from your berserk rage.
No target in view!
A deep elf pyromancer comes into view.
It is wielding a +0 long sword of holy wrath.
Found a potion of curing.
The deep elf pyromancer casts a spell at you.
The bolt of fire hits you!!!
Ouch! That really hurt!
* * * LOW HITPOINT WARNING * * *
There is an open door here.
You aren't carrying any items that you can evoke.
You are too injured to fight recklessly!
You feel much better.
You closely miss the deep elf pyromancer.
You headbutt the deep elf pyromancer!
The deep elf pyromancer is moderately wounded.
The deep elf pyromancer mumbles some strange words.
The deep elf pyromancer blinks!
The deep elf pyromancer hits you with a +0 long sword of holy wrath.
You hit the deep elf pyromancer.
Your headbutt misses the deep elf pyromancer.
The deep elf pyromancer is moderately wounded.
The deep elf pyromancer hits you with a +0 long sword of holy wrath!
You hit the deep elf pyromancer.
The deep elf pyromancer is heavily wounded.
You hit the deep elf pyromancer.
The deep elf pyromancer is heavily wounded.
The deep elf pyromancer gestures at you while chanting.
The bolt of fire hits you!!
* * * LOW HITPOINT WARNING * * *
Okay, then.
You slash the deep elf pyromancer!
Your headbutt misses the deep elf pyromancer.
The deep elf pyromancer is severely wounded.
The deep elf pyromancer hits you with a +0 long sword of holy wrath.
You die...

▓▓▓▓▓▓▓ ▓▓▓ .'....♣♣
♣.##### .#.....♣
♣♣.#___# ##....♣♣
♣..#!..#
.#....~♣♣♣♣♣.###'#+###+#
.#...~~♣..♣..#..........
.#†.~~~~.....'.⌠@.......
'#..~≈≈~~~♣♣.#..e######+
†#.~~≈~~~....#.⌠.#
.#.~≈~~~.....#...#
.#.~~~.......#+###
##...........#
.............#
▓▓▓▓▓▓▓▓▓▓▓▓▓▓


You could see a deep elf pyromancer.

Vanquished Creatures
  A water elemental (D)
  A scorpion (D)
  A human (D)
  An endoplasm (D)
  3 rats (D)
7 creatures vanquished.

Notes
Turn   | Place    | Note
-------+----------+-------------------------------------------
     0 | D        | Griffin23 the Minotaur Berserker began the quest for the
                  | Orb.
     0 | D        | Reached XP level 1. HP: 19/19 MP: 0/0
     4 | D        | Reached skill level 4 in Long Blades
    31 | D        | Reached ** piety under Trog
    75 | D        | Reached skill level 5 in Long Blades
    75 | D        | Reached XP level 2. HP: 22/28 MP: 1/1
   125 | D        | Noticed a scorpion
   132 | D        | Killed a scorpion
   133 | D        | Reached skill level 7 in Long Blades
   133 | D        | Reached skill level 5 in Armour
   133 | D        | Reached XP level 3. HP: 37/37 MP: 2/2
   133 | D        | Reached XP level 4. HP: 44/44 MP: 3/3
   304 | D        | Noticed a water elemental
   311 | D        | Killed a water elemental
   312 | D        | Reached skill level 9 in Long Blades
   352 | D        | Found a glowing silver altar of Zin.
   352 | D        | Found a glowing golden altar of the Shining One.
   352 | D        | Found a white marble altar of Elyvilon.
   353 | D        | Noticed a deep elf pyromancer
   360 | D        | HP: 2/45 [deep elf pyromancer/bolt of fire (19)]
   361 | D        | Slain by a deep elf pyromancer

Illustrated notes

Levels and vault maps discovered:
D:        dungeon_sprint_mu [sprint_mu_entry_forest, sprint_mu_temple_rooms,
          sprint_mu_d1_spiders, sprint_mu_d2_genie, sprint_mu_d3_branching,
          sprint_mu_orc_legion, sprint_mu_elf_gauntlet, sprint_mu_hive_nellie,
          sprint_mu_lair_fedhas, sprint_mu_vaults_butterflies,
          sprint_mu_slime_circle, sprint_mu_swamp_cave, sprint_mu_snake_twists,
          sprint_mu_blade_basic, sprint_mu_crypt_fortress,
          sprint_mu_tomb_spiral, sprint_mu_vestibule_basic,
          sprint_mu_gehenna_hellfire, sprint_mu_dis_giant,
          sprint_mu_tartarus_statrot, sprint_mu_cocytus_islands, sprint_mu_zot1]

Skill      XL: |  1  2  3  4 |
---------------+-------------+-----
Long Blades    | 5 7 9 |  9.1
Fighting       | 4 6 |  6.9
Armour         | 4 5 6 |  6.3
Dodging        | |  2.1

Action                     |  1- 3 |  4- 6 || total
---------------------------+-------+-------++-------
  Melee: Falchion          |    26 |    11 ||    37
         Headbutt          |     1 |     1 ||     2
 Invoke: Berserk           |     2 |     1 ||     3
    Use: Scroll            |       |     1 ||     1
         Potion            |       |     1 ||     1
 Armour: Chain mail        |     9 |     7 ||    16
         Animal skin       |     6 |       ||     6
  Dodge: Dodged            |     5 |     1 ||     6

Table legend: (Time is in decaauts)
 A = Elapsed time spent in this place.
 B = Non-inter-level travel time spent in this place.
 C = Inter-level travel time spent in this place.
 D = Time resting spent in this place.
 E = Time spent auto-exploring this place.
 F = Levels seen in this place.
 G = Mean time per level.
                   A        B        C        D        E       F      G
               +--------+--------+--------+--------+--------+-----+--------+
         Total |    391 |    391 |      0 |    253 |     48 |   1 |  391.0 |
       Dungeon |    391 |    391 |      0 |    253 |     48 |   1 |  391.0 |
               +--------+--------+--------+--------+--------+-----+--------+

Top non-repeatable levels by time:
       D: 391 daAuts
